 Dungeon Crawl Stone Soup version 0.23-a0-612-gcb482e9 (webtiles) character file.

28 tidbits the Caller (level 3, -1/40 HPs)
             Began as a Gnoll Summoner on Dec 21, 2018.
             Slain by Menkaure (15 damage)
             ... on level 4 of the Dungeon.
             The game lasted 00:03:31 (339 turns).

tidbits the Caller (Gnoll Summoner)                  Turns: 339, Time: 00:03:32

Health: -1/40      AC: 21    Str: 12    XL:     3   Next: 14%
Magic:  7/9        EV:  2    Int: 16    God:
Gold:   42         SH:  0    Dex: 15    Spells: 6/12 levels left

rFire    . . .     SeeInvis .   a - +0 short sword
rCold    . . .     Gourm    .   (no shield)
rNeg     + + +     Faith    .   (armour currently unavailable)
rPois    +         Spirit   .   (helmet currently unavailable)
rElec    .         Reflect  .   (cloak currently unavailable)
rCorr    .         Harm     +   (gloves currently unavailable)
MR       .....     NoTele   +   (boots currently unavailable)
Stlth    +++.......             h - amulet of harm
HPRegen  0.13/turn              f - +2 ring of strength
MPRegen  0.11/turn              (no ring)

@: tree-form
A: distributed training, dopey 1, robust 1, strong nose
a: no special abilities


You were on level 4 of the Dungeon.
You were not hungry.
You were a tree.
You visited 1 branch of the dungeon, and saw 4 of its levels.

You collected 42 gold pieces.

Inventory:

Hand Weapons
 a - a +0 short sword (weapon)
Armour
 d - a +0 robe (melded)
Jewellery
 f - a +2 ring of strength (left branch)
   (You found it on level 1 of the Dungeon)
 h - an amulet of harm (around neck)
   (You found it on level 2 of the Dungeon)
Scrolls
 b - a scroll of teleportation {unknown}
 e - a scroll of enchant weapon {unknown}
 i - a scroll of identify {unknown}
Potions
 k - a potion of haste {unknown}
Comestibles
 c - a ration


   Skills:
 + Level 0.6 Fighting
 + Level 0.6 Short Blades
 + Level 0.6 Long Blades
 + Level 0.6 Axes
 + Level 0.6 Maces & Flails
 + Level 0.6 Polearms
 + Level 0.6 Staves
 + Level 0.6 Slings
 + Level 0.6 Bows
 + Level 0.6 Crossbows
 + Level 0.6 Throwing
 + Level 0.6 Armour
 + Level 4.5 Dodging
 + Level 4.1 Stealth
 + Level 0.6 Shields
 + Level 0.6 Unarmed Combat
 + Level 5.0 Spellcasting
 + Level 0.4 Conjurations
 + Level 0.4 Hexes
 + Level 0.4 Charms
 + Level 7.1 Summonings
 + Level 0.4 Necromancy
 + Level 0.4 Translocations
 + Level 0.4 Transmutations
 + Level 0.4 Fire Magic
 + Level 0.4 Ice Magic
 + Level 0.4 Air Magic
 + Level 0.4 Earth Magic
 + Level 0.4 Poison Magic
 + Level 0.8 Invocations
 + Level 0.6 Evocations


You had 6 spell levels left.
You knew the following spells:

 Your Spells              Type           Power        Failure   Level  Hunger
a - Summon Small Mammal   Summ           ####         1%          1    None
c - Call Canine Familiar  Summ           ####....     2%          3    ###....
i - Call Imp              Summ           ####....     1%          2    #......

Your spell library contained the following spells:

 Spells                   Type           Power        Failure   Level  Hunger
 Summon Guardian Golem    Hex/Summ       ###.....     10%         3    ###....
 Summon Ice Beast         Ice/Summ       ###.....     32%         4    ####...
 Summon Lightning Spire   Summ/Air       ###.....     32%         4    ####...


Dungeon Overview and Level Annotations

Branches:
Dungeon (4/15)
 Temple: D:4-7

Altars:
Fedhas
Makhleb
Wu Jian

Annotations:
D:4 Menkaure


Innate Abilities, Weirdness & Mutations

Your experience applies equally to all skills.
((You have very sharp teeth.))
Your uncanny sense of smell can sniff out nearby items.
You are dopey. (Int -2)
You are robust. (+10% HP)


Message History

Casting: Call Canine Familiar (safe; 2% risk of failure)
Confirm with . or Enter, or press ? or * to list all spells.
Unknown command.
You see here a chain mail.
There is a stone staircase leading up here.
Found a stone staircase leading down.
Unknown command.
The helpless hobgoblin fails to defend itself.
You puncture the hobgoblin!
You kill the hobgoblin!
Things that are here:
a +0 club; 11 gold pieces You now have 22 gold pieces (gained 11).
You swap places.
There is a stone staircase leading down here.
You climb downwards.
Your summoned ally is left behind.
Found a sedimented inky potion and 2 gold pieces.
There is a stone staircase leading up here.
Unknown command.
Found 8 gold pieces.
You see here a sedimented inky potion.
Unknown command.
j - a sedimented inky potion
Found a leather armour.
Unknown command.
Found 12 gold pieces.
Found 17 arrows.
You see here 8 gold pieces.
You now have 30 gold pieces (gained 8).
Casting: Call Canine Familiar (safe; 2% risk of failure)
Confirm with . or Enter, or press ? or * to list all spells.
Unknown command.
You see here a leather armour.
Found a yellow potion.
You see here 12 gold pieces.
You now have 42 gold pieces (gained 12).
Found a blossoming altar of Fedhas.
Found a burning altar of Makhleb.
Your hound disappears in a puff of smoke!
Found an ornate altar of the Wu Jian Council.
Found 2 scrolls labeled SUDWEDWEITH and 11 gold pieces.
You see here a yellow potion.
k - a yellow potion Menkaure, Prince of Dust comes into view.
Unknown command.
Casting: Call Canine Familiar (safe; 2% risk of failure)
Confirm with . or Enter, or press ? or * to list all spells.
Unknown command.
You see here 2 scrolls labeled SUDWEDWEITH.
Unknown command.
Menkaure shouts!
Menkaure barely misses you.
Unknown command.
You hit Menkaure.
Menkaure is lightly damaged.
Your hound bites Menkaure.
You barely miss Menkaure.
Menkaure is moderately damaged.
Your hound bites Menkaure.
Menkaure mumbles some strange words.
Menkaure seems to speed up.
You barely miss Menkaure.
Menkaure is moderately damaged.
Your hound closely misses Menkaure.
Menkaure closely misses you.
Your hound barely misses Menkaure.
Menkaure calls on the powers of darkness!
Your hound convulses!
Your body is wracked with pain!
* * * LOW HITPOINT WARNING * * *
You hit Menkaure but do no damage.
Menkaure is moderately damaged.
Your hound barely misses Menkaure.
Menkaure misses you.
Your hound bites Menkaure but does no damage.
You hit Menkaure. You bite Menkaure, but do no damage.
Menkaure is moderately damaged.
Menkaure hits you.
* * * LOW HITPOINT WARNING * * *
Your hound bites Menkaure but does no damage.
You hit Menkaure. You bite Menkaure, but do no damage.
Menkaure is heavily damaged.
Your hound barely misses Menkaure.
Menkaure rustles drily.
Menkaure misses you.
Your hound bites Menkaure but does no damage.
Menkaure grins.
Menkaure closely misses you.
It was a potion of mutation.
You feel extremely strange.
You feel stupid.
You feel robust.
Your hound bites Menkaure.
Menkaure barely misses you.
It was a potion of lignification.
You turn into a tree.
Your +0 robe melds into your body.
Your roots penetrate the ground.
Your hound bites Menkaure.
Menkaure hits you but does no damage.
Your hound barely misses Menkaure.
You hit Menkaure.
Menkaure is severely damaged.
Your hound bites Menkaure.
Menkaure hits you but does no damage.
You hit Menkaure.
Menkaure is almost destroyed.
Your hound closely misses Menkaure.
Menkaure hits you!
You die...

......................####.....#
.##........####...$#### ..... #
#.......(# ###..# ##..
##...##..# #..# . #...##..# #..#
##.......#### ##.##
#...........####..##..
#.####................ ##
##.......♣...# #.....?#hM..#
#......$.....# #............#
#..##.........# #..#
##.........# #.# ##.........# ..
##......... #........


You could see Menkaure and a friendly hound.

Vanquished Creatures
  An adder (D:2)
  A hobgoblin (D:3)
  A jackal (D:1)
  A quokka (D:2)
  2 bats (D:2)
  A rat (D:1)
7 creatures vanquished.

Vanquished Creatures (collateral kills)
  An ooze (D:1)
  2 worms (D:2)
  A dart slug (D:1)
  2 hobgoblins (D:1)
  A jackal (D:1)
  A bat (D:2)
  2 goblins (D:1)
  2 kobolds (D:1)
12 creatures vanquished.

Grand Total: 19 creatures vanquished

Notes
Turn   | Place    | Note
-------+----------+-------------------------------------------
     0 | D:1      | tidbits the Gnoll Summoner began the quest for the Orb.
     0 | D:1      | Reached XP level 1. HP: 13/13 MP: 6/6
    33 | D:1      | Reached XP level 2. HP: 15/19 MP: 2/7
   189 | D:2      | Reached XP level 3. HP: 7/25 MP: 6/9
   194 | D:2      | Learned a level 3 spell: Call Canine Familiar
   197 | D:2      | Learned a level 2 spell: Call Imp
   205 | D:2      | Reached skill level 5 in Spellcasting
   298 | D:4      | Found a blossoming altar of Fedhas.
   301 | D:4      | Found a burning altar of Makhleb.
   303 | D:4      | Found an ornate altar of the Wu Jian Council.
   322 | D:4      | Noticed Menkaure
   336 | D:4      | Gained mutation: You are dopey. (Int -2) [potion of
                  | mutation]
   336 | D:4      | Gained mutation: You are robust. (+10% HP) [potion of
                  | mutation]
   339 | D:4      | Slain by Menkaure

Vault maps used:
D:1:      lightli_arrival_chessboard
D:2:      lemuel_doored_altar
D:3:      old_standard_altar, kiku_gazebo_pond_becter
D:4:      nicolae_overflow_crystal_walls, kennysheep_mini_moat, minitemple,
          hangedman_decor_diamond_cutter, uniq_menkaure

Skill      XL: |  1  2  3 |
---------------+----------+-----
Spellcasting   | 5 |  5.0
Fighting       | |  0.6
Short Blades   | |  0.6
Long Blades    | |  0.6
Axes           | |  0.6
Maces & Flails | |  0.6
Polearms       | |  0.6
Staves         | |  0.6
Slings         | |  0.6
Bows           | |  0.6
Crossbows      | |  0.6
Throwing       | |  0.6
Armour         | |  0.6
Dodging        | |  4.5
Stealth        | |  4.1
Shields        | |  0.6
Unarmed Combat | |  0.6
Conjurations   | |  0.4
Hexes          | |  0.4
Charms         | |  0.4
Summonings     | |  7.1
Necromancy     | |  0.4
Translocations | |  0.4
Transmutations | |  0.4
Fire Magic     | |  0.4
Ice Magic      | |  0.4
Air Magic      | |  0.4
Earth Magic    | |  0.4
Poison Magic   | |  0.4
Invocations    | |  0.8
Evocations     | |  0.6

Action                   || total
-------------------------++-------
Melee: Unarmed           ||     5
       Bite              ||     3
       Short sword       ||    19
 Cast: Summon Small Mamm ||    14
       Call Canine Famil ||     4
  Use: Potion            ||     2
 Stab: Sleeping          ||     4
Armor: Robe              ||     2
       Skin              ||     2
Dodge: Dodged            ||    19

Table legend:
 A = Non-vault XP
 B = Vault XP
 C = Vault XP percentage of total XP
 D = Non-vault monster count
 E = Vault monster count
 F = Vault count percentage of total count
                 A         B        C        D         E       F
            +---------+---------+-------+---------+---------+-------
      Total |      41 |       0 |   0.0 |      19 |       0 |   0.0
            +---------+---------+-------+---------+---------+-------
        D:1 |      15 |       0 |   0.0 |      11 |       0 |   0.0
        D:2 |      24 |       0 |   0.0 |       7 |       0 |   0.0
        D:3 |       2 |       0 |   0.0 |       1 |       0 |   0.0
            +---------+---------+-------+---------+---------+-------

Table legend:
 A = Turns spent in this place as a percentage of turns spent in the entire game.
 B = Non-inter-level travel turns spent in this place as a percentage of non-inter-level travel turns spent in the entire game.
 C = Inter-level travel turns spent in this place as a percentage of turns spent in this place.
 D = Turns resting spent in this place as a percentage of non-inter-level travel turns spent in this place.
 E = Turns spent auto-exploring this place as a percentage of non-inter-level travel turns spent in this place.
 F = Non-inter-level travel turns spent in this place divided by the number of levels of this place that you've seen.
                   A       B       C       D       E      F
               +-------+-------+-------+-------+-------+----------------------
         Total | 100.0 | 100.0 |   0.0 |   0.0 |   0.0 |  84.8
       Dungeon | 100.0 | 100.0 |   0.0 |   0.0 |   0.0 |  84.8
               +-------+-------+-------+-------+-------+----------------------

Table legend:
 A = Kills in this place as a percentage of kills in entire the game.
 B = Kills by you in this place as a percentage of kills by you in the entire game.
 C = Kills by friends in this place as a percentage of kills by friends in the entire game.
 D = Other kills in this place as a percentage of other kills in the entire game.
 E = Experience gained in this place as a percentage of experience gained in the entire game.
 F = Experience gained in this place divided by the number of levels of this place that you have seen.
                   A       B       C       D       E      F
               +-------+-------+-------+-------+-------+----------------------
         Total | 100.0 | 100.0 | 100.0 |   N/A | 100.0 |  10.2
       Dungeon | 100.0 | 100.0 | 100.0 |   N/A | 100.0 |  10.2
               +-------+-------+-------+-------+-------+----------------------

Vault maps used:
D:1:      lightli_arrival_chessboard
D:2:      lemuel_doored_altar
D:3:      old_standard_altar, kiku_gazebo_pond_becter
D:4:      nicolae_overflow_crystal_walls, kennysheep_mini_moat, minitemple,
          hangedman_decor_diamond_cutter, uniq_menkaure
